 Dungeon Crawl Stone Soup version 0.28.0-47-ge53b351184 (webtiles) character file.

Game seed: 15857247448080888965

240 pkoi the Insei (level 5, -19/41 HPs)
             Began as a Demigod Gladiator on May 3, 2022.
             Killed by an exploding hound (32 damage)
             ... ignited by their inner flame
             ... on level 6 of the Dungeon.
             The game lasted 00:09:10 (6286 turns).

pkoi the Insei (Demigod Gladiator)                  Turns: 6286, Time: 00:09:10

Health: -19/41     AC:  5    Str: 15    XL:     5   Next: 50%
Magic:  7/7        EV: 12    Int: 14    God:
Gold:   226        SH:  0    Dex: 15    Spells: 4/4 levels left

rFire   . . .      SeeInvis .     - Unarmed
rCold   . . .      Faith    .   (no shield)
rNeg    . . .      Spirit   .   a - +0 leather armour
rPois   .          Reflect  .   b - +1 helmet
rElec   .          Harm     .   (no cloak)
rCorr   .          Rampage  .   (no gloves)
Will    .....                   (no boots)
Stlth   +.........              (no amulet)
HPRegen 0.13/turn               (no ring)
MPRegen 0.10/turn               (no ring)

@: no status effects
A: high MP 1, forlorn, divine attributes
a: no special abilities


You were on level 6 of the Dungeon.
You visited 1 branch of the dungeon, and saw 6 of its levels.

You collected 226 gold pieces.

Inventory:

Hand Weapons
 o - a +0 long sword
Missiles
 c - 3 throwing nets (quivered)
Armour
 a - a +0 leather armour (worn)
 b - a +1 helmet (worn)
Scrolls
 e - a scroll of enchant armour
 l - a scroll of enchant weapon
 n - a scroll of identify
Potions
 d - 3 potions of brilliance
 f - 2 potions of attraction {unknown}
 g - a potion of mutation
 h - a potion of lignification {unknown}
 j - a potion of flight {unknown}
 k - 2 potions of curing
 m - 2 potions of ambrosia {unknown}


   Skills:
 - Level 2.0 Fighting
 - Level 1.7 Throwing
 + Level 1.1 Armour
 - Level 2.6 Dodging
 * Level 5.7 Unarmed Combat


You had 4 spell levels left.
You didn't know any spells.
Your spell library contained the following spells:

 Spells                   Type           Power      Damage    Failure   Level
 Sandblast                Erth           0%         2d4       34%         1
 Petrify                  Tmut/Erth      0%         N/A       98%         4
 Summon Lightning Spire   Summ/Air       0%         N/A       98%         4
 Spellforged Servitor     Conj/Summ      0%         N/A       100%        7


Dungeon Overview and Level Annotations

Branches:
Dungeon (6/15)
 Temple: D:4-7

Shops:
D:3 !


Innate Abilities, Weirdness & Mutations

You have an increased reservoir of magic. (+10% MP)
You shall have no god before yourself.
Your divine heritage dramatically boosts your attributes as you level up.


Message History

n - a scroll of identify You see here a +0 long sword.
o - a +0 long sword You open the door.
Found a leather armour.
You see here a +0 leather armour.
Key pressed, stopping explore.
You now have 226 gold pieces (gained 12).
Found a stone staircase leading up.
Done exploring.
Done exploring.
Done exploring.
(D) Dungeon
Where to? (Enter - D:5, ? - help)
There is a stone staircase leading down here.
You climb downwards.
The hound barks!
Found 8 gold pieces and a fizzy silvery potion.
There is a stone staircase leading up here.
There are monsters nearby!
Unknown command.
As you read the scroll labelled MERGHOSHR FEEDEY, it crumbles to dust.
The creatures around you are filled with an inner flame!
It was a scroll of immolation.
You miss the adder. The adder closely misses you.
You hit the adder.
Flame seeps out of the adder.
The adder is moderately wounded.
The hound bites you.
The adder is engulfed in blazing flames.
The adder explodes!
The fiery explosion engulfs the hound!
Flame seeps out of the hound.
The hound is almost dead.
The fiery explosion engulfs you!!
Ouch! That really hurt!
* * * LOW HITPOINT WARNING * * *
The hound is engulfed in blazing flames.
The hound explodes!
The fiery explosion engulfs you!!
Ouch! That really hurt!
You die...

...... ..
..... .###
....##.#.
!......
##.....
#.#..... #
#.....§#§##
#.....@○.$#
##...§§#.#.#
##..§.§ ..
##.#... .#
##..... #
#.....
#.....#
#......


There were no monsters in sight!

Vanquished Creatures
  3 hounds
  An iguana (D:5)
  A hound zombie (D:5)
  8 adders
  An ufetubus (D:4)
  5 orcs (D:4)
  7 endoplasms
  5 goblins
  14 hobgoblins
  3 jackals (D:4)
  2 kobolds
  4 quokkas
  2 ball pythons
  2 bats (D:1)
  5 frilled lizards
  5 rats
68 creatures vanquished.

Notes
Turn   | Place    | Note
-------+----------+-------------------------------------------
     0 | D:1      | pkoi the Demigod Gladiator began the quest for the Orb.
     0 | D:1      | Reached XP level 1. HP: 17/17 MP: 3/3
   161 | D:1      | Reached skill level 3 in Unarmed Combat
   721 | D:1      | Reached XP level 2. HP: 12/24 MP: 4/4
  2319 | D:3      | Reached XP level 3. HP: 25/29 MP: 5/5
  2471 | D:3      | Found Umnim's Distillery.
  2691 | D:3      | Reached skill level 4 in Unarmed Combat
  3484 | D:4      | Reached XP level 4. HP: 28/36 MP: 6/6
  3615 | D:4      | Reached skill level 5 in Unarmed Combat
  3747 | D:4      | Noticed a black bear
  5123 | D:4      | Reached XP level 5. HP: 40/41 MP: 7/7
  5409 | D:5      | Entered Level 5 of the Dungeon
  5552 | D:5      | Got Giclel's Catalogue of Stones and Summoning
  5826 | D:5      | Reached skill level 1 in Armour
  6286 | D:6      | Killed by an exploding hound... ignited by their inner
                  | flame

Illustrated notes

Levels and vault maps discovered:
D:1:      matt_arrival_refuge, layout_loops_ring, minmay_misc_feat_rugged,
          minmay_misc_feat_more_columns
D:2:      layout_basic
D:3:      layout_rooms, mainiacjoe_overflow_boulevard,
          mainiacjoe_overflow_24_doors, marbit_many_paths, old_standard_altar,
          serial_shops, shop_statue
D:4:      layout_basic, minmay_misc_feat_enclosed, minmay_misc_feat_iff
D:5:      layout_basic
D:6:      layout_loops_ring, nicolae_hepliaklqana_monster_ancestors,
          amethyst_overflow_temple_binary, temple_green

Skill      XL: |  1  2  3  4  5 |
---------------+----------------+-----
Unarmed Combat | 3 4 5 |  5.7
Fighting       | 2 |  2.0
Armour         | 1 |  1.1
Throwing       | |  1.7
Dodging        | |  2.6

Action                   |  1- 3 |  4- 6 || total
-------------------------+-------+-------++-------
Melee: Unarmed           |   159 |   121 ||   280
       Punch             |     1 |     5 ||     6
  Use: Scroll            |       |    10 ||    10
 Stab: Sleeping          |     1 |     2 ||     3
       Distracted        |       |     1 ||     1
Armor: Leather armour    |    41 |    27 ||    68
Dodge: Dodged            |    86 |    88 ||   174
